 Dungeon Crawl Stone Soup version 0.20.0-8-g6b59dc7 (webtiles) character file.

17944 Peloso the Carver (level 12, -2/105 HPs)
             Began as a Minotaur Fighter on June 2, 2017.
             Was the Champion of Okawaru.
             Slain by a spiny frog (15 damage)
             ... on level 1 of the Lair of Beasts.
             The game lasted 00:25:05 (10529 turns).

Peloso the Carver (Minotaur Fighter)               Turns: 10529, Time: 00:25:06

Health: -2/105     AC: 16    Str: 31    XL:     12   Next: 23%
Magic:  11/11      EV: 14    Int:  5    God:    Okawaru [******]
Gold:   295        SH: 18    Dex: 16    Spells: 11/11 levels left

rFire    . . .     SeeInvis .   U - +0 long sword (flame)
rCold    . . .     Gourm    .   c - +0 shield
rNeg     . . .     Faith    .   z - +0 plate armour
rPois    .         Spirit   .   (helmet restricted)
rElec    .         Reflect  +   S - scarf {repulsion}
rCorr    .         Harm     .   p - +0 pair of gloves
MR       .....                  (no boots)
Stlth    ..........             L - +3 amulet of reflection
Regen    0.3/turn               G - +6 ring of strength
MPRegen  0.2/turn               X - ring of loudness (curse)

@: agile, repel missiles
A: retaliatory headbutt, horns 2
a: Heroism, Finesse, Renounce Religion


You were on level 1 of the Lair of Beasts.
You worshipped Okawaru.
Okawaru was exalted by your worship.
You were very hungry.

You visited 3 branches of the dungeon, and saw 13 of its levels.

You collected 439 gold pieces.
You spent 144 gold pieces at shops.

Inventory:

Hand Weapons
 t - the +3 flail "Guobusm" {freeze, Dex+2 Stlth+}
   (You found it on level 5 of the Dungeon)

   It has been specially enchanted to freeze those struck by it, causing extra
   injury to most foes and up to half again as much damage against particularly
   susceptible opponents.
   It can also slow down cold-blooded creatures.
   It affects your dexterity (+2).
   It makes you more stealthy.
 U - a +0 long sword of flaming (weapon)
Armour
 c - a +0 shield (worn)
 p - a +0 pair of gloves (worn)
 z - a +0 plate armour (worn)
 S - a scarf of repulsion (worn)
Jewellery
 m - an uncursed ring of stealth
 C - a +2 ring of strength
 G - a +6 ring of strength (left hand)
 L - a +3 amulet of reflection (around neck)
 X - a cursed ring of loudness (right hand)
Wands
 a - a wand of random effects (14/48)
 h - a wand of flame (21/48)
 s - a wand of polymorph (7/24)
 A - a wand of disintegration (4/24)
 H - a wand of clouds (4/9)
 I - a wand of disintegration (5/24)
 J - a wand of acid (12/15)
 M - a wand of digging (8/24)
 O - a wand of disintegration (17/24)
 P - a wand of acid (3/15)
 Q - a wand of paralysis (13/24)
 V - a wand of lightning (7/15)
 Z - a wand of flame (41/48)
Scrolls
 e - 3 scrolls of magic mapping
 g - a scroll of identify
 k - 3 scrolls of recharging {unknown}
 n - 8 scrolls of teleportation {unknown}
 u - 4 scrolls of remove curse
 x - 2 scrolls of fear {unknown}
 y - 2 scrolls of fog {unknown}
 D - a scroll of acquirement {unknown}
 E - a scroll of vulnerability {unknown}
 F - a scroll of random uselessness {unknown}
 K - a scroll of torment {unknown}
 N - a scroll of summoning {unknown}
 W - a scroll of enchant weapon {unknown}
 Y - a scroll of holy word {unknown}
Potions
 b - a potion of resistance
 d - 2 potions of might
 i - 4 potions of heal wounds
 l - 4 potions of curing
 q - 2 potions of agility
 r - 2 potions of haste
 w - 3 potions of flight
 B - a potion of degeneration {unknown}
 R - a potion of berserk rage {unknown}
 T - a potion of ambrosia {unknown}
Comestibles
 f - 9 bread rations
 j - 7 chunks of flesh
 o - 6 fruits
 v - 4 royal jellies


   Skills:
 + Level 9.5 Fighting
 + Level 13.4 Long Blades
 + Level 11.8 Armour
 + Level 2.1 Dodging
 + Level 1.6 Stealth
 + Level 13.4 Shields
 + Level 0.8 Invocations


You had 11 spell levels left.
You didn't know any spells.

Dungeon Overview and Level Annotations

Branches:
Dungeon (11/15)            Temple (1/1) D:5            Lair (1/6) D:10
    Orc (0/2) D:10

Altars:
Ashenzari
Dithmenos
Kikubaaqudgha
Nemelex Xobeh
Okawaru
Qazlal
Ru
Trog
The Shining One

Shops:
D:7 !   D:10 =


Innate Abilities, Weirdness & Mutations

You reflexively headbutt those who attack you in melee.
You have a pair of horns on your head.


Message History

Okawaru accepts your kill.
Unknown command.
You hit the spiny frog but do no damage.
Unknown command.
You hit the spiny frog but do no damage.
You block the spiny frog's attack.
Unknown command.
You hit the spiny frog. You burn the spiny frog. You headbutt the spiny frog!
The spiny frog is moderately wounded.
You block the spiny frog's attack.
Unknown command.
You slash the spiny frog! You burn the spiny frog. You headbutt the spiny frog.
The spiny frog is severely wounded.
The spiny frog stings you.
* * * LOW HITPOINT WARNING * * *
Unknown command.
You hit the spiny frog but do no damage.
The spiny frog is severely wounded.
The spiny frog stings you!
You die...

.#........#####.#
##.........#
#......†..##
#....../..#####
#..#...........
#..#.....###.##
#..#.###.# ..
#..#.###.# #
#....F@..#
#..#)#####
#..#..###.#..#
##...†hF....#
#....†#h####
..........H..h#
.......###.##hhh
####..# #♣ h♣.
.... .h


You could see a spiny frog.

Vanquished Creatures
  Erolcha (D:9)
  8 two-headed ogres
  A rime drake (Lair:1)
  3 trolls (D:10)
  Prince Ribbit (Temple)
  A hornet (Lair:1)
  3 hippogriffs
  A meliai zombie (D:11)
  A spriggan (Lair:1)
  A wyvern (D:8)
  16 yaks
  The ghost of kaze the Slasher, an amateur DsBe of Trog (D:4)
  2 water moccasins (Lair:1)
  2 porcupines
  An ice beast (D:6)
  2 sky beasts
  3 orc warriors
  A black bear (D:10)
  4 ogres
  3 centaurs (D:10)
  22 wolves (Lair:1)
  The ghost of raetorn the Slasher, an amateur DsGl (D:3)
  13 bullfrogs
  A gnoll sergeant (D:9)
  A wyvern zombie (D:9)
  A water moccasin zombie (D:10)
  4 scorpions
  A wyvern skeleton (D:8)
  7 killer bees
  2 vampire bats (D:8)
  5 howler monkeys
  5 centaur zombies
  2 crimson imps
  2 jellies
  3 hounds
  4 orc priests
  A centaur skeleton (D:4)
  3 iguanas
  A bullfrog skeleton (D:8)
  A gnoll shaman (D:6)
  Ijyb (D:5)
  6 worker ants
  Natasha (thrice) (D:2)
  9 orc wizards
  A howler monkey zombie (D:5)
  A worker ant zombie (D:6)
  15 gnolls
  9 adders
  3 shadow imps
  An ooze (D:6)
  2 adder skeletons
  5 worms
  5 dart slugs (D:1)
  6 leopard geckos
  47 orcs
  13 bats
  2 giant cockroaches
  7 goblins
  A hobgoblin (D:1)
  12 jackals
  5 kobolds
  5 quokkas
  4 ball pythons
  3 frilled lizards
  A jackal skeleton (D:4)
  A quokka skeleton (D:5)
  2 rats
  A fungus (D:10)
307 creatures vanquished.

Vanquished Creatures (others)
  An unseen horror (D:10)
  6 fungi
  4 plants (D:10)
11 creatures vanquished.

Grand Total: 318 creatures vanquished

Notes
Turn   | Place    | Note
-------+----------+-------------------------------------------
     0 | D:1      | Peloso the Minotaur Fighter began the quest for the Orb.
     0 | D:1      | Reached XP level 1. HP: 19/19 MP: 0/0
   190 | D:1      | Reached XP level 2. HP: 27/27 MP: 1/1
   699 | D:2      | Noticed Natasha
   709 | D:2      | Killed Natasha
   709 | D:2      | Reached XP level 3. HP: 26/33 MP: 2/2
   822 | D:2      | Found a bloodstained altar of Trog.
   824 | D:2      | Found a shadowy altar of Dithmenos.
   826 | D:2      | Found a glowing golden altar of the Shining One.
   829 | D:2      | Found a stormy altar of Qazlal.
   829 | D:2      | Found a sparkling altar of Nemelex Xobeh.
   909 | D:2      | Found a shadowy altar of Dithmenos.
   917 | D:2      | Noticed Natasha
   927 | D:2      | Killed Natasha
   927 | D:2      | Reached XP level 4. HP: 24/40 MP: 3/3
  1180 | D:2      | Noticed Natasha
  1185 | D:2      | Killed Natasha
  1185 | D:2      | Reached skill level 5 in Armour
  1326 | D:2      | Reached XP level 5. HP: 46/46 MP: 4/4
  1860 | D:3      | Noticed raetorn's ghost (amateur DsGl)
  1870 | D:3      | Killed raetorn's ghost
  1870 | D:3      | Reached skill level 1 in Dodging
  1870 | D:3      | Reached XP level 6. HP: 31/53 MP: 5/5
  1963 | D:3      | Reached skill level 5 in Shields
  2493 | D:4      | Noticed kaze's ghost (amateur DsBe)
  2526 | D:4      | Killed kaze's ghost
  2526 | D:4      | Reached skill level 5 in Long Blades
  2853 | D:4      | Reached XP level 7. HP: 60/60 MP: 6/6
  3025 | D:5      | Entered Level 5 of the Dungeon
  3175 | D:5      | Reached skill level 5 in Fighting
  3336 | D:5      | Found a staircase to the Ecumenical Temple.
  3362 | D:5      | Noticed Prince Ribbit
  3386 | Temple   | Entered the Ecumenical Temple
  3398 | Temple   | Killed Prince Ribbit
  3409 | Temple   | Became a worshipper of Warmaster Okawaru
  3720 | D:5      | Reached XP level 8. HP: 68/68 MP: 7/7
  3741 | D:5      | Noticed Ijyb
  3752 | D:5      | Killed Ijyb
  4201 | D:5      | Got a fine flail
  4202 | D:5      | Identified the +3 flail "Guobusm" {freeze, Dex+2 Stlth+} (You found it on level 5 of the Dungeon)
  4476 | D:6      | Reached * piety under Okawaru
  5366 | D:6      | Reached XP level 9. HP: 75/75 MP: 8/8
  5793 | D:7      | Reached ** piety under Okawaru
  5821 | D:7      | Noticed a two-headed ogre
  5866 | D:7      | HP: 3/75 [two-headed ogre/giant club (10)]
  5869 | D:7      | Killed a two-headed ogre
  5869 | D:7      | Reached skill level 10 in Long Blades
  6167 | D:7      | Found Cuzoaps's Distillery.
  6195 | D:7      | Bought a potion of agility for 64 gold pieces
  6195 | D:7      | Bought a potion of heal wounds for 80 gold pieces
  6773 | D:8      | Noticed a two-headed ogre
  6781 | D:8      | Killed a two-headed ogre
  6781 | D:8      | Reached *** piety under Okawaru
  6781 | D:8      | Reached skill level 1 in Stealth
  6781 | D:8      | Reached XP level 10. HP: 76/86 MP: 9/9
  7077 | D:8      | Reached **** piety under Okawaru
  7077 | D:8      | Received a gift from Okawaru
  7402 | D:8      | Noticed a two-headed ogre
  7414 | D:8      | Killed a two-headed ogre
  7470 | D:8      | Noticed a two-headed ogre
  7476 | D:8      | Killed a two-headed ogre
  7476 | D:8      | Reached skill level 10 in Armour
  7476 | D:8      | Reached skill level 10 in Shields
  7808 | D:9      | Noticed a two-headed ogre
  7813 | D:9      | Killed a two-headed ogre
  7813 | D:9      | Reached ***** piety under Okawaru
  7848 | D:9      | Noticed a two-headed ogre
  7857 | D:9      | Killed a two-headed ogre
  8103 | D:9      | Noticed Erolcha
  8112 | D:9      | Paralysed by something for 4 turns
  8121 | D:9      | Killed Erolcha
  8121 | D:9      | Reached XP level 11. HP: 38/94 MP: 10/10
  8294 | D:9      | Received a gift from Okawaru
  8543 | D:9      | Noticed a two-headed ogre
  8550 | D:9      | Killed a two-headed ogre
  8569 | D:9      | You fall through a shaft!
  8569 | D:10     | Entered Level 10 of the Dungeon
  9035 | D:10     | Found a staircase to the Lair.
  9455 | D:10     | Killed an unseen horror
  9765 | D:10     | Found a staircase to the Orcish Mines.
  9773 | D:10     | Found Semiull's Jewellery Shoppe.
  9925 | D:10     | Noticed a two-headed ogre
  9935 | D:10     | Killed a two-headed ogre
 10166 | Lair:1   | Entered Level 1 of the Lair of Beasts
 10301 | Lair:1   | Reached XP level 12. HP: 49/104 MP: 11/11
 10360 | Lair:1   | Reached ****** piety under Okawaru
 10463 | Lair:1   | Received a gift from Okawaru
 10529 | Lair:1   | Slain by a spiny frog

Skill      XL: |  1  2  3  4  5  6  7  8  9 10 11 12 |
---------------+-------------------------------------+-----
Armour         | 4 5 6 7 9 10 11 | 11.8
Shields        | 4 5 6 7 9 11 12 13 | 13.4
Long Blades    | 3 4 5 6 8 10 11 13 | 13.4
Fighting       | 4 5 7 8 9 |  9.5
Dodging        | 1 2 |  2.1
Stealth        | 1 |  1.6
Invocations    | |  0.8

Action                   |  1- 3 |  4- 6 |  7- 9 | 10-12 || total
-------------------------+-------+-------+-------+-------++-------
Melee: Long sword        |    78 |   174 |   306 |   558 ||  1116
       Headbutt          |    16 |    27 |    67 |   145 ||   255
Invok: Heroism           |       |       |     3 |     2 ||     5
  Use: Potion            |       |     1 |     2 |     2 ||     5
       Scroll            |       |     4 |     1 |     4 ||     9
  Eat: Chunk             |       |     7 |    11 |    13 ||    31
Armor: Scale mail        |    25 |    33 |       |       ||    58
       Chain mail        |       |    54 |    15 |       ||    69
       Plate armour      |       |       |   125 |   240 ||   365
Dodge: Dodged            |    19 |    59 |    58 |   127 ||   263
       Deflected         |       |       |       |     2 ||     2
Block: Shield            |    32 |    95 |   162 |   478 ||   767
       Reflection        |       |       |       |     4 ||     4
       Rpst.: Long sword |     4 |    16 |    17 |    25 ||    62
